 Dungeon Crawl Stone Soup version 0.31.0 (webtiles) character file.

Game seed: 16549820575150946610

28 qw the Shooter (level 3, 0/21 HPs)
             Began as a Gargoyle Hunter on Jan 20, 2024.
             Slain by Terence
             ... wielding a +2 hand axe of electrocution
              (5 damage)
             ... on level 2 of the Dungeon.
             The game lasted 00:00:01 (447 turns).

qw the Shooter (Gargoyle Hunter)                     Turns: 447, Time: 00:00:02

Health: 0/21       AC:  6    Str: 14    XL:     3   Next: 14%
Magic:  3/3        EV: 11    Int:  9    God:
Gold:   54         SH:  0    Dex: 15    Spells: 2/2 levels left

rFire   . . .        a - +1 shortbow
rCold   . . .        (shield currently unavailable)
rNeg    + . .        c - +0 leather armour
rPois   inf          (no helmet)
rElec   +            (no cloak)
rCorr   .            (no gloves)
SInv    .            (no boots)
Will    .....        (no amulet)
Stlth   ++           (no ring)
HPRegen 0.23/turn    (no ring)
MPRegen 0.08/turn

%: no passive effects
@: about to teleport
A: sickness immunity, AC +3, negative energy resistance 1, electricity
resistance, torment resistance 1, petrification resistance
a: no special abilities


You were on level 2 of the Dungeon.
You visited 1 branch of the dungeon, and saw 2 of its levels.

You collected 54 gold pieces.


Innate Abilities, Weirdness & Mutations

You are immune to sickness and miasma.
Your stone body is resilient. (AC +3)
You are immune to poison.
You resist negative energy. (rN+)
You are resistant to electric shocks. (rElec)
You are resistant to unholy torment.
You are immune to petrification.


   Skills:
 + Level 2.2 Fighting
 - Level 5.0 Ranged Weapons
 - Level 1.5 Dodging
 - Level 1.1 Stealth


You had 2 spell levels left.
You didn't know any spells.
Your spell library was empty.

Inventory:

Hand Weapons
 a - a +1 shortbow (weapon)
Armour
 c - a +0 leather armour (worn)
Scrolls
 h - a scroll of teleportation
Potions
 d - a potion of attraction {unknown}
 f - a potion of ambrosia {unknown}
 i - a potion of brilliance {unknown}

Dungeon Overview and Level Annotations

Branches:
Dungeon (2/15)

Altars:

Annotations:
D:2 Terence


Message History

As you read the scroll labelled OPATACS VAOR, it crumbles to dust.
You feel strangely unstable.
It was a scroll of teleportation.
You start waiting.
Your surroundings suddenly seem different.
Done exploring.
421 ||| DROPPING scroll of butterflies.
You drop a scroll of butterflies.
Done exploring.
422 ||| DROPPING 2 scrolls of fog.
You drop 2 scrolls of fog.
Done exploring.
What level of the Dungeon? (default 1, ? - help)
You see here a ball python skeleton.
Things that are here:
a +0 dagger; a hobgoblin skeleton
There is a stone staircase leading down here.
You climb downwards.
There is a stone staircase leading up here.
Terence is nearby!
Waypoint 1 assigned to D:2.
You shoot an arrow. The arrow hits Terence.
Terence is moderately wounded.
You shoot an arrow. The arrow hits Terence.
Terence is heavily wounded.
You shoot an arrow.
The arrow hits Terence but does no damage.
Terence is heavily wounded.
Terence barely misses you.
You shoot an arrow. The arrow barely misses Terence.
Terence hits you with a +2 hand axe of electrocution!
You shoot an arrow. The arrow hits Terence.
Terence is heavily wounded.
Terence closely misses you.
Terence hits you with a +2 hand axe of electrocution.
You shoot an arrow. The arrow hits Terence!
Terence is almost dead.
Terence hits you with a +2 hand axe of electrocution.
447 ||| READING 2 scrolls of teleportation.
As you read the scroll of teleportation, it crumbles to dust.
You feel strangely unstable.
Terence hits you with a +2 hand axe of electrocution.
You die...
Terence says, "Time to find some more victims."

#+##
##...##
##.....##
##.......##
#.........#
+.........+
#.........#
#.@@....#
##.....##
##...##
#+##


You could see Terence.

Vanquished Creatures
  A dart slug (D:1)
  5 endoplasms (D:1)
  2 giant cockroaches (D:1)
  3 goblins (D:1)
  2 hobgoblins (D:1)
  3 kobolds (D:1)
  A quokka (D:1)
  3 ball pythons (D:1)
  2 frilled lizards (D:1)
  A rat (D:1)
23 creatures vanquished.

Notes
Turn   | Place    | Note
-------+----------+-------------------------------------------
     0 | D:1      | qw the Gargoyle Hunter began the quest for the Orb.
     0 | D:1      | Reached XP level 1. HP: 12/12 MP: 1/1
     0 | D:1      | 0 ||| qw: Version: 0.3-a-132-g3d54051
     0 | D:1      | 0 ||| qw: Game counter: 565
     0 | D:1      | 0 ||| qw: Melee chars always use a shield: true
     0 | D:1      | 0 ||| qw: God list: Okawaru
     0 | D:1      | 0 ||| qw: Allow faded altars: false
     0 | D:1      | 0 ||| qw: Do Orc after clearing Dungeon:15 true
     0 | D:1      | 0 ||| qw: Do second Lair branch before Depths: true
     0 | D:1      | 0 ||| qw: Lair rune preference: random
     0 | D:1      | 0 ||| qw: Goals: Normal
     0 | D:1      | 0 ||| PLANNING D:1-11
    30 | D:1      | Reached XP level 2. HP: 9/17 MP: 2/2
   232 | D:1      | Reached XP level 3. HP: 21/21 MP: 3/3
   301 | D:1      | Reached skill level 5 in Ranged Weapons
   415 | D:1      | 415 ||| READING 3 scrolls labelled DOBOQ TOROCAOH.
   416 | D:1      | 416 ||| READING scroll labelled JOGOUCW YCSU.
   416 | D:1      | 416 ||| ENCHANTING +0 shortbow.
   417 | D:1      | 417 ||| READING 3 scrolls labelled OPATACS VAOR.
   421 | D:1      | 421 ||| DROPPING scroll of butterflies.
   422 | D:1      | 422 ||| DROPPING 2 scrolls of fog.
   440 | D:2      | Noticed Terence
   446 | D:2      | HP: 4/21 [Terence/+2 hand axe of electrocution (6)]
   447 | D:2      | 447 ||| READING 2 scrolls of teleportation.
   447 | D:2      | Slain by Terence

Levels and vault maps discovered:
D:1:      lightli_arrival_noodles, layout_rooms, hex_medium
D:2:      layout_loops_corners, shapermc_ecumenical_altar_mp_vishouse,
          basic_altar, grunt_ministairs_1, reono_crystal_passage, uniq_terence

Skill      XL: |  1  2  3 |
---------------+----------+-----
Ranged Weapons | 5 |  5.0
Fighting       | |  2.2
Dodging        | |  1.5
Stealth        | |  1.1

Action                     || total
---------------------------++-------
   Fire: Shortbow          ||    67
    Use: Scroll            ||     4
 Armour: Leather armour    ||    11
  Dodge: Dodged            ||     4

Table legend:
 A = Non-vault XP
 B = Vault XP
 C = Vault XP percentage of total XP
 D = Non-vault monster count
 E = Vault monster count
 F = Vault count percentage of total count
                 A         B        C        D         E       F
            +---------+---------+-------+---------+---------+-------
      Total |      41 |       0 |   0.0 |      23 |       0 |   0.0
            +---------+---------+-------+---------+---------+-------
        D:1 |      41 |       0 |   0.0 |      23 |       0 |   0.0
            +---------+---------+-------+---------+---------+-------
